 Dungeon Crawl Stone Soup version 0.30.1-11-g7821555f0a (webtiles) character file.

Game seed: 15944249487529092196

412 bnorton916 the Conjurer (level 6, 0/32 HPs)
             Began as a Deep Elf Conjurer on Dec 25, 2023.
             Slain by a gnoll
             ... wielding a +0 spear
             ... led by a gnoll bouda
              (3 damage)
             ... on level 4 of the Dungeon.
             The game lasted 00:04:48 (3194 turns).

bnorton916 the Conjurer (Deep Elf Conjurer)         Turns: 3194, Time: 00:04:48

Health: 0/32       AC:  5    Str:  4    XL:     6   Next: 59%
Magic:  6/17       EV: 12    Int: 25    God:
Gold:   133        SH:  0    Dex: 13    Spells: 12/17 levels left

rFire   . . .        (no weapon)
rCold   . . .        (no shield)
rNeg    . . .        a - +0 robe
rPois   .            i - +1 helmet
rElec   .            m - +0 cloak
rCorr   .            (no gloves)
SInv    .            (no boots)
Will    .....        (no amulet)
Stlth   ++           (no ring)
HPRegen 0.25/turn    (no ring)
MPRegen 0.15/turn

%: no passive effects
@: mighty, weakened
A: no striking features
a: no special abilities


You were on level 4 of the Dungeon.
You visited 1 branch of the dungeon, and saw 4 of its levels.

You collected 133 gold pieces.

Inventory:

Hand Weapons
 j - a +3 dagger of draining
Missiles
 o - 3 poisoned darts
 v - 3 atropa-tipped darts
Armour
 a - a +0 robe (worn)
 i - a +1 helmet (worn)
 m - a +0 cloak (worn)
Magical Staves
 h - a staff of poison
Jewellery
 p - a ring of willpower
Wands
 x - a wand of flame (8)
Scrolls
 d - 3 scrolls of vulnerability {unknown}
 e - a scroll of acquirement {unknown}
 f - 2 scrolls of enchant weapon {unknown}
 g - 6 scrolls of identify {unknown}
 l - a scroll of fog {unknown}
 s - 2 scrolls of noise {unknown}
 y - a scroll of brand weapon {unknown}
Potions
 b - a potion of magic
 c - a potion of might
 k - 3 potions of curing
 n - a potion of heal wounds {unknown}
 q - a potion of berserk rage {unknown}
 r - a potion of brilliance {unknown}
 t - a potion of lignification {unknown}
 u - a potion of haste {unknown}
 w - 2 potions of mutation {unknown}
 z - a potion of degeneration {unknown}


   Skills:
 - Level 2.4 Dodging
 - Level 2.4 Stealth
 + Level 6.2 Spellcasting
 + Level 6.3 Conjurations
 + Level 3.5 Poison Magic


You had 12 spell levels left.
You knew the following spells:

 Your Spells              Type           Power      Damage    Failure   Level
a - Magic Dart            Conj           100%       1d8       1%          1
b - Searing Ray           Conj           78%        2d7       1%          2
c - Poisonous Vapours     Pois/Air       32%        N/A       5%          2

Your spell library contained the following spells:

 Spells                   Type           Power      Damage    Failure   Level
 Sting                    Tmut/Pois      64%        1d6       3%          1
 Dazzling Flash           Conj/Hex       46%        N/A       6%          3
 Olgreb's Toxic Radiance  Pois           25%        N/A       17%         4
 Fulminant Prism          Conj/Hex       11%        3d8       21%         4
 Iskenderun's Mystic Bla  Conj/Tloc      23%        2d6       21%         4


Dungeon Overview and Level Annotations

Branches:
Dungeon (4/15)
 Temple: D:4-7

Altars:


Message History

Casting: Poisonous Vapours (safe; 5% risk of failure)
Confirm with . or Enter, or press ? or * to list all spells.
Aiming: Searing Ray (safe; 1% risk of failure)
Press: ? - help, Shift-Dir - straight line, f/p - hobgoblin
Aim: a hobgoblin, wielding a +0 club (poisoned, 81% to hit)
The searing ray hits the gnoll.
The gnoll is heavily wounded.
The searing ray hits the hobgoblin!
You kill the hobgoblin!
The searing ray hits the gnoll.
The gnoll is heavily wounded. (Press . to maintain the ray.)
The gnoll barely misses you.
Unknown command.
Unknown command.
Unknown command.
The searing ray hits the gnoll!
You kill the gnoll!
The searing ray hits the gnoll bouda!
The gnoll bouda is heavily wounded.
The gnoll closely misses you.
Unknown command.
The searing ray hits the gnoll.
The gnoll is heavily wounded.
The searing ray hits the gnoll bouda but does no damage.
The gnoll bouda is heavily wounded.
The gnoll hits you with a +0 club.
* * * LOW HITPOINT WARNING * * *
The gnoll bouda gazes fiercely through you!
You feel as though you will be weak longer.
The gnoll closely misses you.
The searing ray hits the gnoll.
The gnoll is severely wounded.
The searing ray hits the gnoll bouda.
The gnoll bouda is severely wounded.
You finish channelling your searing ray.
The gnoll hits you with a +0 club.
* * * LOW HITPOINT WARNING * * *
The gnoll hits you from afar with a +0 spear.
You die...

#...'..#.#
#.g.#....#
## #.####
####.###
#..)...#
#......#
#...gg.#
####g###
####@##
#.....#
#.....#
#.....#
#...))#
#.....#
#..[).#
####)##
##.######


You could see a gnoll bouda and 2 gnolls.

Vanquished Creatures
  Sigmund (D:3)
  2 orc priests (D:4)
  An iguana (D:4)
  3 orc wizards
  2 adders
  A gnoll (D:4)
  3 worms
  3 dart slugs
  6 orcs
  3 ball pythons
  4 endoplasms
  A giant cockroach (D:3)
  8 goblins
  5 hobgoblins
  2 jackals (D:3)
  4 kobolds
  3 quokkas
  3 bats
55 creatures vanquished.

Notes
Turn   | Place    | Note
-------+----------+-------------------------------------------
     0 | D:1      | bnorton916 the Deep Elf Conjurer began the quest for the
                  | Orb.
     0 | D:1      | Reached XP level 1. HP: 10/10 MP: 6/6
   314 | D:1      | Reached XP level 2. HP: 15/15 MP: 4/8
  1223 | D:2      | Reached skill level 5 in Conjurations
  1223 | D:2      | Reached XP level 3. HP: 19/19 MP: 0/10
  1226 | D:2      | Learned a level 2 spell: Searing Ray
  1996 | D:3      | Noticed Sigmund
  2004 | D:3      | Learned a level 2 spell: Poisonous Vapours
  2019 | D:3      | Killed Sigmund
  2020 | D:3      | Reached skill level 5 in Spellcasting
  2020 | D:3      | Reached XP level 4. HP: 20/24 MP: 0/13
  2020 | D:3      | Reached XP level 5. HP: 23/28 MP: 0/14
  2540 | D:3      | Found a faded altar of an unknown god.
  3061 | D:4      | Reached XP level 6. HP: 32/32 MP: 11/16
  3194 | D:4      | Slain by a gnoll

Illustrated notes

Levels and vault maps discovered:
D:1:      dpeg_arrival_brainrot, layout_basic
D:2:      layout_rooms, grunt_decor_mini_mirrors
D:3:      layout_basic, shapermc_ecumenical_altar_gd, hangedman_glass_teeth,
          uniq_sigmund
D:4:      layout_basic

Skill      XL: |  1  2  3  4  5  6 |
---------------+-------------------+-----
Spellcasting   | 4 5 6 |  6.2
Conjurations   | 5 6 |  6.3
Poison Magic   | 2 3 |  3.5
Dodging        | |  2.4
Stealth        | |  2.4

Action                     |  1- 3 |  4- 6 || total
---------------------------+-------+-------++-------
   Cast: Magic Dart        |    78 |    20 ||    98
         Searing Ray       |     3 |     6 ||     9
         Poisonous Vapours |     2 |     3 ||     5
    Use: Potion            |       |     2 ||     2
 Armour: Robe              |     1 |     6 ||     7
  Dodge: Dodged            |     2 |    11 ||    13
